 Dungeon Crawl Stone Soup version 0.30-a0-1014-g3371b13838 (webtiles) character file.

Game seed: 12368112626333913579

566 CryoSword the Poker (level 7, -8/39 (52) HPs)
             Began as a Demonspawn Monk on Apr 6, 2023.
             Was a Believer of Makhleb.
             Mangled by a wight
             ... wielding a +0 halberd
              (11 damage)
             ... on level 4 of the Dungeon.
             The game lasted 00:06:00 (3538 turns).

CryoSword the Poker (Demonspawn Monk)               Turns: 3538, Time: 00:06:01

HP:   -8/39 (52)    AC:  8    Str: 20    XL:     7   Next: 10%
MP:   0/8           EV:  6    Int: 11    God:    Makhleb [**....]
Gold: 139           SH: 17    Dex: 15    Spells: 6/6 levels left

rFire   . . .      SeeInvis .    l - +2 whip (venom)
rCold   . . .      Faith    .    a - +0 tower shield
rNeg    . . .      Spirit   +    b - +0 scale mail
rPois   .          Reflect  .    m - +0 helmet
rElec   .          Rampage  .    (no cloak)
rCorr   .                        (no gloves)
Will    .....                    n - +0 pair of boots
Stlth   +                        q - amulet of guardian spirit
HPRegen 0.26/turn                u - +6 ring of strength
MPRegen 0.11/turn                (no ring)

@: very heavily drained
A: large bone plates 1, foul stench 1
a: Renounce Religion, Minor Destruction


You were on level 4 of the Dungeon.
You worshipped Makhleb.
Makhleb was pleased with you.
You visited 2 branches of the dungeon, and saw 5 of its levels.

You collected 210 gold pieces.
You spent 71 gold pieces at shops.

Inventory:

Hand Weapons
 l - a +2 whip of venom (weapon)
   (You took it off a kobold on level 2 of the Dungeon)
Missiles
 s - 4 poisoned darts
Armour
 a - a +0 tower shield (worn)
   (You found it on level 3 of the Dungeon)
 b - a +0 scale mail (worn)
   (You found it on level 2 of the Dungeon)
 m - a +0 helmet (worn)
   (You found it on level 3 of the Dungeon)
 n - a +0 pair of boots (worn)
   (You bought it in a shop on level 2 of the Dungeon)
 v - a +0 cloak
   (You found it on level 4 of the Dungeon)
Jewellery
 q - an amulet of guardian spirit (around neck)
   (You took it off an orc on level 4 of the Dungeon)
 u - a +6 ring of strength (left hand)
   (You found it on level 4 of the Dungeon)
Wands
 p - a wand of roots (8) (quivered)
   (You took it off Ijyb on level 3 of the Dungeon)
Scrolls
 e - 2 scrolls of immolation {unknown}
 g - 2 scrolls of fog
 j - a scroll of vulnerability {unknown}
 k - 4 scrolls of teleportation {@r4}
 o - a scroll of magic mapping {unknown}
 t - a scroll of blinking {unknown}
Potions
 c - 2 potions of ambrosia
 f - a potion of lignification {!q}
 h - 2 potions of resistance
 i - 2 potions of brilliance
 r - 2 potions of degeneration {unknown}


   Skills:
 + Level 3.6 Fighting
 * Level 6.1 Polearms
 - Level 2.6 Dodging
 - Level 1.7 Stealth
 * Level 3.0 Shields
 + Level 2.4 Invocations


You had 6 spell levels left.
You didn't know any spells.
Your spell library was empty.

Dungeon Overview and Level Annotations

Branches:
Dungeon (4/15)             Temple (1/1) D:4

Altars:
Cheibriados
Hepliaklqana
Kikubaaqudgha
Makhleb
Qazlal
Ru
Trog
Uskayaw

Shops:
D:2 :[   D:4 *


Innate Abilities, Weirdness & Mutations

You are partially covered in large bone plates. (SH +4)
You may rarely emit foul miasma when damaged in melee.


Message History

The goblin moves out of view.
A goblin is nearby!
You closely miss the goblin. You block the goblin's attack.
You completely miss the goblin. The goblin closely misses you.
You block the goblin's attack.
You closely miss the goblin. The goblin hits you but does no damage.
You whack the goblin!
You kill the goblin!
Makhleb accepts your kill.
No target in view!
No target in view!
You see here a +0 dagger.
An iron imp comes into view.
Found a snail-covered altar of Cheibriados.
The iron imp shouts!
An iron imp is nearby!
An iron imp is nearby!
There is an open gate here.
You hit the iron imp.
The iron imp is poisoned.
You block the iron imp's attack.
You hit the iron imp. You block the iron imp's attack.
You closely miss the iron imp. The iron imp barely misses you.
You hit the iron imp but do no damage. You block the iron imp's attack. x2
You hit the iron imp but do no damage.
The iron imp looks even sicker.
You block the iron imp's attack.
You barely miss the iron imp. You block the iron imp's attack.
You barely miss the iron imp. You block the iron imp's attack.
You barely miss the iron imp.
You kill the iron imp!
Makhleb accepts your kill.
Your Polearms skill increases to level 6!
No target in view!
There is an open gate here.
You see here a +0 dagger.
There is an open door here.
There is an open door here.
There is an open door here.
There is an open door here.
There is an open door here.
There is an open door here.
There is an open door here.
There is an entrance to Homeiry's General Store here.
Could not explore, unopened door.
Could not explore, unopened door.
You open the door.
There is an open door here.
An iguana comes into view.
The iguana hisses angrily.
An iguana is nearby!
An iguana is nearby!
Found a bloodstained altar of Trog.
Found 16 gold pieces.
You hit the iguana.
The iguana is poisoned.
You block the iguana's attack.
You barely miss the iguana. The iguana bites you!
The iguana bites you but does no damage.
You hit the iguana but do no damage.
The iguana looks as sick as possible!
The iguana bites you!
You are too injured to fight recklessly!
You are too injured to fight recklessly!
You are too injured to fight recklessly!
The iguana attacks as you move away! You block the iguana's attack.
You kill the iguana!
Makhleb accepts your kill.
You have reached level 7!
Your demonic ancestry asserts itself...
You begin to emit a foul stench of rot and decay.
You see here an iguana corpse.
Found a chain mail.
There is an escape hatch in the floor here.
There is a stone staircase leading up here.
A quokka comes into view.
The quokka moves out of view.
A wight comes into view. It is wielding a +0 halberd.
A wight comes into view. It is wielding a +2 mace.
The wight hits you from afar with a +0 halberd!
You feel drained. The wight hits you with a +2 mace!
You hit the wight. You block the wight's attack. x3
The wight hits you from afar with a +0 halberd.
You feel drained. The wight attacks as you move away!
The wight barely misses you. You block the wight's attack.
The wight attacks as you move away! The wight hits you with a +2 mace!
You barely miss the wight.
The quokka twitches its whiskers.
The wight hits you with a +2 mace!
* * * LOW HITPOINT WARNING * * *
You feel drained.
* * * LOW HITPOINT WARNING * * *
You block the quokka's attack. x2
You hit the quokka.
The quokka is poisoned.
The wight hits you with a +2 mace!
* * * LOW HITPOINT WARNING * * *
You feel drained.
* * * LOW HITPOINT WARNING * * *
You block the quokka's attack. The wight hits you with a +2 mace.
* * * LOW HITPOINT WARNING * * *
You block the wight's attack.
You feel much better.
The quokka bites you but does no damage.
You block the wight's attack. x2
The quokka bites you but does no damage.
You hit the quokka.
You kill the quokka!
Makhleb accepts your kill. You block the wight's attack.
The wight hits you with a +2 mace!
* * * LOW HITPOINT WARNING * * *
You feel drained.
* * * LOW HITPOINT WARNING * * *
You feel much better.
The wight hits you from afar with a +0 halberd.
The wight barely misses you. The wight attacks as you move away!
The wight hits you with a +2 mace.
You feel drained. The wight attacks as you move away!
The wight hits you with a +2 mace.
* * * LOW HITPOINT WARNING * * *
You feel drained. The wight attacks as you move away!
You block the wight's attack.
Things that are here:
a +0 leather armour; a +0 flail Unknown command.
The wight attacks as you move away! The wight completely misses you.
The roots erupt in riotous growth!
Roots grab the wight.
The grasping roots constrict the wight.
You block the wight's attack.
The grasping roots constrict the wight.
The wight struggles to escape constriction.
The grasping roots constrict the wight.
You destroy the wight!
Makhleb accepts your kill.
You feel better.
The wight hits you from afar with a +0 halberd!
* * * LOW HITPOINT WARNING * * *
You feel drained.
* * * LOW HITPOINT WARNING * * *
Your Shields skill increases to level 3!
Aim: a wight, wielding a +0 halberd, wearing a +0 robe and wearing a ring of willpower The roots erupt in riotous growth!
Roots grab the wight.
The grasping roots constrict the wight!
A wight comes into view.
It is wielding a +2 scimitar of freezing.
The wight hits you from afar with a +0 halberd!
* * * LOW HITPOINT WARNING * * *
You feel drained.
* * * LOW HITPOINT WARNING * * *
Okay, then.
The roots lose their grip on something.
Okay, then.
There is a stone staircase leading up here.
The wight hits you from afar with a +0 halberd!
You die...

..'......#.#.#..#.......#.####
..##...###.#....#.......#.#
...#.#'#.[...#.##.#######.#
.#####...#.#z#.##.........#
'#.#...#.#...#.############
...##..z.#...#.#
....'.##.#)..#.#
....###......#.#########
.....##..#.#.#..@......#
.....##..#.#.##.######>#
.....##....#..z∩...#
#.#########
....###.####.##.##.#
#.........#
....+.#......#..##.#
#####.#####
...##.########.###.# #.#
'#.#..........(# #.# #.#
.###.#############'### #.#
...#...†.†...........# #.#


You could see a wight.

Vanquished Creatures
  A centaur (D:4)
  A wight (D:4)
  A jelly (D:4)
  3 hounds (D:4)
  An iron imp (D:4)
  A gnoll bouda (D:4)
  3 iguanas (D:4)
  Ijyb (D:3)
  5 gnolls
  4 adders
  A worm (D:3)
  3 dart slugs
  2 orcs
  6 ball pythons
  4 endoplasms
  A giant cockroach (D:3)
  9 goblins
  5 hobgoblins
  3 quokkas
  2 bats
  7 kobolds
  6 rats
70 creatures vanquished.

Notes
Turn   | Place    | Note
-------+----------+-------------------------------------------
     0 | D:1      | CryoSword the Demonspawn Monk began the quest for the Orb.
     0 | D:1      | Reached XP level 1. HP: 18/18 MP: 1/1
    80 | D:1      | Reached skill level 3 in Polearms
   140 | D:1      | Gained mutation: You are partially covered in large bone
                  | plates. (SH +4) [demonic ancestry]
   140 | D:1      | Reached XP level 2. HP: 23/24 MP: 2/2
   270 | D:1      | Reached XP level 3. HP: 29/29 MP: 3/3
   287 | D:1      | Reached skill level 4 in Polearms
   871 | D:2      | Found Hiesch Cuiru's Armour Shoppe.
  1252 | D:2      | Found Omaapn's Book Emporium.
  1559 | D:3      | Reached XP level 4. HP: 34/35 MP: 4/4
  1605 | D:3      | Found a hazy altar of Hepliaklqana.
  1813 | D:2      | Bought a +0 pair of boots for 45 gold pieces
  1974 | D:3      | Noticed Ijyb
  1984 | D:3      | Killed Ijyb
  1985 | D:3      | Reached skill level 1 in Shields
  2094 | D:3      | Identified the +10 dagger of the Coin {freeze, rC+ rN+
                  | rCorr}
  2283 | D:4      | Found Homeiry's General Store.
  2287 | D:4      | Bought a scroll of identify for 26 gold pieces
  2317 | D:4      | Reached skill level 5 in Polearms
  2317 | D:4      | Reached XP level 5. HP: 29/41 MP: 5/5
  2662 | D:4      | Found a staircase to the Ecumenical Temple.
  2671 | Temple   | Entered the Ecumenical Temple
  2721 | Temple   | Became a worshipper of Makhleb the Destroyer
  2721 | Temple   | Reached * piety under Makhleb
  2721 | Temple   | Reached ** piety under Makhleb
  2787 | D:4      | Reached XP level 6. HP: 20/47 MP: 6/6
  2847 | D:4      | Reached skill level 1 in Invocations
  3105 | D:4      | Found a stormy altar of Qazlal.
  3239 | D:4      | Found a snail-covered altar of Cheibriados.
  3251 | D:4      | Reached skill level 6 in Polearms
  3337 | D:4      | Found a bloodstained altar of Trog.
  3343 | D:4      | Gained mutation: You may rarely emit foul miasma when
                  | damaged in melee. [demonic ancestry]
  3343 | D:4      | Reached XP level 7. HP: 31/52 MP: 5/8
  3538 | D:4      | Mangled by a wight

Illustrated notes

Levels and vault maps discovered:
D:1:      spicycebolla_arrival_transporter_tutorial, layout_rooms
D:2:      layout_basic, serial_shops, nicolae_shop_hallway_plus, shop,
          serial_park_tiny_2
D:3:      layout_basic, nicolae_hepliaklqana_hazy_memory, uniq_ijyb
D:4:      nicolae_cairo_tiling_very_big, layout_basic, slow_altar_2,
          general_overflow_altar, lemuel_tele_altar, serial_shops,
          nicolae_shop_crystal
Temple:   bh_familiar_temple

Skill      XL: |  1  2  3  4  5  6  7 |
---------------+----------------------+-----
Polearms       | 3 4 5 6 |  6.1
Shields        | 1 2 3 |  3.0
Invocations    | 2 |  2.4
Fighting       | |  3.6
Dodging        | |  2.6
Stealth        | |  1.7

Action                     |  1- 3 |  4- 6 |  7- 9 || total
---------------------------+-------+-------+-------++-------
  Melee: Spear             |   109 |       |       ||   109
         Punch             |     1 |       |       ||     1
         Whip              |     9 |   150 |     4 ||   163
  Evoke: Wand              |       |       |     2 ||     2
    Use: Scroll            |     3 |     3 |       ||     6
         Potion            |       |       |     2 ||     2
   Stab: Sleeping          |     3 |       |       ||     3
 Armour: Robe              |     4 |       |       ||     4
         Scale mail        |     5 |    55 |     2 ||    62
  Dodge: Dodged            |    66 |    31 |     3 ||   100
  Block: Other             |     7 |     1 |       ||     8
         Tower shield      |       |   134 |    13 ||   147

Table legend: (Time is in decaauts)
 A = Elapsed time spent in this place.
 B = Non-inter-level travel time spent in this place.
 C = Inter-level travel time spent in this place.
 D = Time resting spent in this place.
 E = Time spent auto-exploring this place.
 F = Levels seen in this place.
 G = Mean time per level.
                   A        B        C        D        E       F      G
               +--------+--------+--------+--------+--------+-----+--------+
         Total |   3602 |   3415 |    187 |     48 |   2606 |   5 |  720.4 |
       Dungeon |   3525 |   3363 |    162 |     48 |   2572 |   4 |  881.2 |
        Temple |     76 |     51 |     25 |      0 |     34 |   1 |   76.0 |
               +--------+--------+--------+--------+--------+-----+--------+

Top non-repeatable levels by time:
     D:4: 1233 daAuts
     D:2: 985 daAuts
     D:3: 699 daAuts
     D:1: 608 daAuts
  Temple: 76 daAuts
